PUBA
BETHESDA GAMERS @ KILLALOE BREWERS
05/25/1972
 
TOP OF THE 1ST
Bethesda Gamers batting - Pitching for Killaloe Brewers : RHP Clarence Reed
Pitching: RHP Clarence Reed
Batting: SHB Roger Metzger 0-0: Foul Ball, location: 2F
0-1: Ground out 4-3 (Groundball, 34, EV 102.5 MPH)
Batting: LHB Denny Doyle 0-0: Foul Ball, location: 2F
0-1: Ball
1-1: SINGLE (Flyball, 34D, EV 86.3 MPH)
Batting: LHB Kendrick Wolf 0-0: SINGLE (Flyball, 6D, EV 85.6 MPH)
Denny Doyle to second
Batting: LHB José Velázquez 0-0: Ball
1-0: Ball
2-0: Ball
Wild Pitch!
Denny Doyle to third
Kendrick Wolf to second
3-0: Called Strike
3-1: Foul Ball, location: 3F
3-2: Base on Balls
Batting: RHB Tim McGuire 0-0: Ball
1-0: Ball
2-0: Fly out, F2 (Popup, 23F, EV 85.6 MPH)
Batting: RHB Edison Barton 0-0: Called Strike
0-1: SINGLE (Line Drive, 8LS, EV 91.9 MPH)
Denny Doyle scores
Kendrick Wolf to third
José Velázquez to second
Runner from 3rd tries for Home, throw by LF and OUT! 7-2
Top of the 1st over - 1 run, 3 hits, 0 errors, 2 left on base; Bethesda 1 - Killaloe 0
BOTTOM OF THE 1ST
Killaloe Brewers batting - Pitching for Bethesda Gamers : LHP Bill Cooper
Pitching: LHP Bill Cooper
Batting: SHB Robert Gilbert 0-0: Called Strike
0-1: Ball
1-1: SINGLE (Groundball, 56D, EV 103.8 MPH)
Batting: LHB Bert Fairbank 0-0: Ball
Robert Gilbert steals 2nd base
1-0: Swinging Strike
1-1: 2-RUN HOME RUN (Flyball, 9D, EV 89.4 MPH), Distance : 335 ft
Batting: LHB José Jiménez 0-0: Ball
1-0: Called Strike
1-1: Ball
2-1: Foul Ball, location: 2F
2-2: Foul Ball, location: 23F
2-2: Foul Ball, location: 3SF
2-2: Foul Ball, location: 23FF
2-2: Ground out 3-1 (Groundball, 34, EV 85.6 MPH)
Batting: RHB Melvin O'Connor 0-0: Ground out 6-3 (Groundball, 6, EV 81.9 MPH)
Batting: LHB Jim Breazeale 0-0: Foul Ball, location: 25F
0-1: Swinging Strike
0-2: Foul Ball, location: 2F
0-2: Ball
1-2: Ball
2-2: Foul Ball, location: 2F
2-2: Ball
3-2: Foul Ball, location: 7LMF
3-2: Fly out, F8 (Flyball, 89D, EV 104.4 MPH)
Bottom of the 1st over - 2 runs, 2 hits, 0 errors, 0 left on base; Bethesda 1 - Killaloe 2
TOP OF THE 2ND
Bethesda Gamers batting - Pitching for Killaloe Brewers : RHP Clarence Reed
Batting: RHB Bob Heise 0-0: Ball
1-0: SINGLE (Groundball, 34D, EV 98.1 MPH)
Batting: RHB John Coleman 0-0: Called Strike
0-1: Ball
1-1: Foul Ball, location: 2F
1-2: Ball
2-2: Ball
3-2: Foul Ball, location: 7LMF
3-2: Base on Balls
Bob Heise to second
Batting: SHB Vincent Hilton 0-0: Ball
1-0: Sac Bunt to 5S - play at first, batter safe!
Bob Heise to third
John Coleman to second
Batting: SHB Roger Metzger 0-0: Fly out, F7 (Line Drive, 7LM, EV 78.1 MPH)
Batting: LHB Denny Doyle 0-0: Ball
1-0: Ball
2-0: Called Strike
2-1: Ball
3-1: Base on Balls
Bob Heise scores
John Coleman to third
Vincent Hilton to second
Batting: LHB Kendrick Wolf 0-0: Ball
1-0: Called Strike
1-1: Called Strike
1-2: Ball
2-2: Ball
3-2: Foul Ball, location: 5FF
3-2: Foul Ball, location: 5SF
3-2: Base on Balls
John Coleman scores
Vincent Hilton to third
Denny Doyle to second
Batting: LHB José Velázquez 0-0: Swinging Strike
0-1: Ball
1-1: Swinging Strike
1-2: Ball
2-2: Ball
3-2: Base on Balls
Vincent Hilton scores
Denny Doyle to third
Kendrick Wolf to second
Batting: RHB Tim McGuire 0-0: Called Strike
0-1: Ball
1-1: Called Strike
1-2: Ball
2-2: Strikes out looking
Batting: RHB Edison Barton 0-0: Foul Ball, location: 2F
0-1: Called Strike
0-2: Strikes out swinging
Top of the 2nd over - 3 runs, 2 hits, 0 errors, 3 left on base; Bethesda 4 - Killaloe 2
BOTTOM OF THE 2ND
Killaloe Brewers batting - Pitching for Bethesda Gamers : LHP Bill Cooper
Batting: RHB Dennis Bingham 0-0: Called Strike
0-1: Ball
1-1: SINGLE (Groundball, 6MD, EV 110.0 MPH)
Batting: LHB Wilson Ybarra 0-0: Ball
1-0: 2-RUN HOME RUN (Flyball, 9D, EV 95.0 MPH), Distance : 350 ft
Batting: SHB Mike Baldwin 0-0: Called Strike
0-1: SINGLE (Line Drive, 9LS, EV 90.0 MPH)
Batting: SHB Jesse McClellan 0-0: Called Strike
0-1: Ball
1-1: Bunted foul
1-2: Ball
2-2: Fly out, F9 (Flyball, 9LM, EV 95.0 MPH)
Batting: SHB Robert Gilbert 0-0: Ball
1-0: Fielders Choice at 2nd, 1-6 (Groundball, 13, EV 65.6 MPH)
Batting: LHB Bert Fairbank 0-0: Called Strike
Robert Gilbert steals 2nd base
0-1: Foul Ball, location: 3F
0-2: Ball
1-2: Strikes out swinging
Bottom of the 2nd over - 2 runs, 3 hits, 0 errors, 1 left on base; Bethesda 4 - Killaloe 4
TOP OF THE 3RD
Bethesda Gamers batting - Pitching for Killaloe Brewers : RHP Clarence Reed
Batting: RHB Bob Heise 0-0: Ball
1-0: Ball
2-0: Ball
3-0: Called Strike
3-1: SINGLE (Flyball, 78M, EV 90.0 MPH)
Batting: RHB John Coleman 0-0: Called Strike
0-1: Ball
1-1: Called Strike
1-2: Ball
2-2: Fly out, F8 (Flyball, 89D, EV 87.5 MPH)
Batting: SHB Vincent Hilton 0-0: Called Strike
0-1: SINGLE (Line Drive, 8LS, EV 90.6 MPH)
Bob Heise to second
Batting: SHB Roger Metzger 0-0: Swinging Strike
0-1: Ball
1-1: Ball
2-1: Called Strike
2-2: Ball
3-2: Base on Balls
Bob Heise to third
Vincent Hilton to second
Batting: LHB Denny Doyle 0-0: Ball
1-0: Ball
2-0: Foul Ball, location: 5F
2-1: Foul Ball, location: 2RF
2-2: Foul Ball, location: 2LF
2-2: Foul Ball, location: 5FF
2-2: DOUBLE (Flyball, 7LM, EV 98.1 MPH)
Bob Heise scores
Vincent Hilton scores
Roger Metzger to third
Pitching: LHP Nelle van de Weideven
Batting: LHB Kendrick Wolf 0-0: Ball
1-0: Ball
2-0: Called Strike
2-1: Foul Ball, location: 9LSF
2-2: Strikes out swinging
Batting: LHB José Velázquez 0-0: Ball
1-0: Ball
2-0: Ball
3-0: Base on Balls
Batting: RHB Tim McGuire 0-0: Ball
1-0: Ball
2-0: Called Strike
2-1: Swinging Strike
2-2: Ball
3-2: Foul Ball, location: 5FF
3-2: Foul Ball, location: 9LDF
3-2: Base on Balls
Roger Metzger scores
Denny Doyle to third
José Velázquez to second
Batting: RHB Edison Barton 0-0: Called Strike
0-1: Called Strike
0-2: Ball
1-2: Ball
2-2: Ball
3-2: Strikes out swinging
Top of the 3rd over - 3 runs, 3 hits, 0 errors, 3 left on base; Bethesda 7 - Killaloe 4
BOTTOM OF THE 3RD
Killaloe Brewers batting - Pitching for Bethesda Gamers : LHP Bill Cooper
Batting: LHB José Jiménez 0-0: Called Strike
0-1: Foul Ball, location: 2F
0-2: Ball
1-2: Ball
2-2: Strikes out swinging
Batting: RHB Melvin O'Connor 0-0: Called Strike
0-1: Fly out, F8 (Flyball, 8RD, EV 93.1 MPH)
Batting: LHB Jim Breazeale 0-0: Swinging Strike
0-1: Ball
1-1: SINGLE (Groundball, 6MD, EV 104.4 MPH)
Batting: RHB Dennis Bingham 0-0: Ball
1-0: 2-RUN HOME RUN (Flyball, 7D, EV 100.0 MPH), Distance : 385 ft
Batting: LHB Wilson Ybarra 0-0: Swinging Strike
0-1: Foul Ball, location: 2F
0-2: Strikes out swinging
Bottom of the 3rd over - 2 runs, 2 hits, 0 errors, 0 left on base; Bethesda 7 - Killaloe 6
TOP OF THE 4TH
Bethesda Gamers batting - Pitching for Killaloe Brewers : LHP Nelle van de Weideven
Batting: RHB Bob Heise 0-0: Foul Ball, location: 3F
0-1: Ground out 4-3 (Groundball, 4, EV 87.5 MPH)
Batting: RHB John Coleman 0-0: Called Strike
0-1: Hit by Pitch
Batting: SHB Vincent Hilton 0-0: Ball
1-0: Ball
Wild Pitch!
John Coleman to second
2-0: Foul Ball, location: 2F
2-1: Ball
3-1: Base on Balls
Batting: SHB Roger Metzger 0-0: Ball
1-0: Ball
2-0: Ball
3-0: Base on Balls
John Coleman to third
Vincent Hilton to second
Batting: LHB Denny Doyle 0-0: Grounds into fielders choice 5-2 (Groundball, 56S, EV 85.6 MPH)
Vincent Hilton to third
Roger Metzger to second
Batting: LHB Kendrick Wolf 0-0: Ball
1-0: Called Strike
1-1: Ball
2-1: Ball
3-1: Called Strike
3-2: Strikes out swinging
Top of the 4th over - 0 runs, 0 hits, 0 errors, 3 left on base; Bethesda 7 - Killaloe 6
BOTTOM OF THE 4TH
Killaloe Brewers batting - Pitching for Bethesda Gamers : LHP Bill Cooper
Pitching: RHP Greg Ramírez
Batting: SHB Mike Baldwin 0-0: Foul Ball, location: 3F
0-1: Ball
1-1: Ball
2-1: SOLO HOME RUN (Flyball, 89XD, EV 99.4 MPH), Distance : 378 ft
Batting: SHB Jesse McClellan 0-0: Foul Ball, location: 25F
0-1: Swinging Strike
0-2: SINGLE (Groundball, 56D, EV 106.3 MPH) (infield hit)
Batting: SHB Robert Gilbert 0-0: Sac Bunt to 15 - play at first, batter OUT! 1-3
Jesse McClellan to second
Batting: LHB Bert Fairbank 0-0: Called Strike
0-1: Ground out 5-3 (Groundball, 56, EV 76.3 MPH)
Jesse McClellan to third
Batting: LHB José Jiménez 0-0: Ball
1-0: Ball
2-0: Foul Ball, location: 2F
2-1: Foul Ball, location: 2F
2-2: SINGLE (Line Drive, 7S, EV 92.5 MPH)
Jesse McClellan scores
Batting: RHB Melvin O'Connor 0-0: Foul Ball, location: 9LMF
0-1: Foul Ball, location: 2F
0-2: Ball
1-2: Strikes out swinging, 2-3 out at first.
Bottom of the 4th over - 2 runs, 3 hits, 0 errors, 1 left on base; Bethesda 7 - Killaloe 8
TOP OF THE 5TH
Bethesda Gamers batting - Pitching for Killaloe Brewers : LHP Nelle van de Weideven
Batting: LHB José Velázquez 0-0: Ball
1-0: Ball
2-0: Swinging Strike
2-1: Ball
3-1: Called Strike
3-2: Base on Balls
Batting: RHB Tim McGuire 0-0: SINGLE (Line Drive, 8LS, EV 100.0 MPH)
José Velázquez to second
Batting: RHB Edison Barton 0-0: Ball
1-0: Ball
2-0: Ball
3-0: Base on Balls
José Velázquez to third
Tim McGuire to second
Batting: RHB Bob Heise 0-0: Called Strike
0-1: Swinging Strike
0-2: SINGLE (Line Drive, 8LS, EV 103.1 MPH)
José Velázquez scores
Tim McGuire to third
Edison Barton to second
Batting: RHB John Coleman 0-0: Called Strike
0-1: Foul Ball, location: 5F
0-2: Foul Ball, location: 2F
0-2: Strikes out looking
Pitching: RHP Wayne Twitchell
Pinch Hitting: LHB Jim Spencer 0-0: Ball
1-0: Called Strike
1-1: Ball
2-1: Swinging Strike
2-2: Ball
3-2: Strikes out swinging
Batting: SHB Roger Metzger 0-0: Foul Ball, location: 25FF
0-1: SINGLE (Groundball, 34D, EV 93.8 MPH)
Tim McGuire scores
Edison Barton to third
Bob Heise to second
Runner from 3rd tries for Home, SAFE, throw by RF to home
Batting: LHB Denny Doyle 0-0: Called Strike
0-1: Swinging Strike
0-2: Ball
1-2: Ball
2-2: Ball
3-2: Base on Balls
Bob Heise to third
Roger Metzger to second
Batting: LHB Kendrick Wolf 0-0: Ball
1-0: Swinging Strike
1-1: Ball
2-1: Foul Ball, location: 2F
2-2: Fielders Choice at 2nd, 5-4 (Groundball, 56, EV 98.1 MPH)
Top of the 5th over - 3 runs, 3 hits, 0 errors, 3 left on base; Bethesda 10 - Killaloe 8
BOTTOM OF THE 5TH
Killaloe Brewers batting - Pitching for Bethesda Gamers : RHP Greg Ramírez
Now in CF: Melvin Ewing
Batting: LHB Jim Breazeale 0-0: Called Strike
0-1: Foul Ball, location: 2F
0-2: Ball
1-2: Ball
2-2: Fly out, F8 (Flyball, 8RS, EV 93.1 MPH)
Batting: RHB Dennis Bingham 0-0: Called Strike
0-1: Called Strike
0-2: Foul Ball, location: 2F
0-2: Ball
1-2: Foul Ball, location: 9LDF
1-2: Fly out, F8 (Flyball, 8LD, EV 110.0 MPH)
Batting: LHB Wilson Ybarra 0-0: Fly out, F6 (Popup, 6M, EV 77.5 MPH)
Bottom of the 5th over - 0 runs, 0 hits, 0 errors, 0 left on base; Bethesda 10 - Killaloe 8
TOP OF THE 6TH
Bethesda Gamers batting - Pitching for Killaloe Brewers : RHP Wayne Twitchell
Batting: LHB José Velázquez 0-0: Ball
1-0: Ground out 3-1 (Groundball, 34, EV 91.3 MPH)
Batting: RHB Tim McGuire 0-0: Ball
1-0: Swinging Strike
1-1: Ground out 5-3 (Groundball, 56, EV 103.1 MPH)
Batting: RHB Edison Barton 0-0: Called Strike
0-1: Fly out, F8 (Flyball, 8RXD, EV 95.6 MPH)
Top of the 6th over - 0 runs, 0 hits, 0 errors, 0 left on base; Bethesda 10 - Killaloe 8
BOTTOM OF THE 6TH
Killaloe Brewers batting - Pitching for Bethesda Gamers : RHP Greg Ramírez
Batting: SHB Mike Baldwin 0-0: Ball
1-0: Foul Ball, location: 7LDF
1-1: Ball
2-1: Foul Ball, location: 2F
2-2: Strikes out swinging, 2-3 out at first.
Batting: SHB Jesse McClellan 0-0: Foul Ball, location: 25FF
0-1: Ball
1-1: SOLO HOME RUN (Flyball, 8LXD, EV 113.1 MPH), Distance : 447 ft
Pitching: RHP Dave Blaisdell
Batting: SHB Robert Gilbert 0-0: Foul Ball, location: 7LDF
0-1: Ball
1-1: Foul Ball, location: 2F
1-2: Ball
2-2: Foul Ball, location: 7LSFF
2-2: SOLO HOME RUN (Flyball, 9D, EV 95.0 MPH), Distance : 373 ft
Batting: LHB Bert Fairbank 0-0: Swinging Strike
0-1: Swinging Strike
0-2: Foul Ball, location: 2LF
0-2: Ball
1-2: Foul Ball, location: 3DF
1-2: Strikes out swinging
Batting: LHB José Jiménez 0-0: Swinging Strike
0-1: Foul Ball, location: 2F
0-2: Strikes out swinging
Bottom of the 6th over - 2 runs, 2 hits, 0 errors, 0 left on base; Bethesda 10 - Killaloe 10
TOP OF THE 7TH
Bethesda Gamers batting - Pitching for Killaloe Brewers : RHP Wayne Twitchell
Batting: RHB Bob Heise 0-0: Foul Ball, location: 2F
0-1: Ground out 4-3 (Groundball, 4, EV 93.8 MPH)
Batting: RHB John Coleman 0-0: Ball
1-0: Swinging Strike
1-1: Foul Ball, location: 2F
1-2: Ball
2-2: Fly out, F8 (Flyball, 8RD, EV 76.9 MPH)
Batting: LHB Melvin Ewing 0-0: Ball
1-0: Ball
2-0: Ball
3-0: Called Strike
3-1: Foul Ball, location: 2F
3-2: Strikes out swinging
Top of the 7th over - 0 runs, 0 hits, 0 errors, 0 left on base; Bethesda 10 - Killaloe 10
BOTTOM OF THE 7TH
Killaloe Brewers batting - Pitching for Bethesda Gamers : RHP Dave Blaisdell
Pinch Hitting: LHB Barry Robertson 0-0: Foul Ball, location: 3SF
0-1: Ball
1-1: Ground out 6-3 (Groundball, 6S, EV 93.8 MPH)
Batting: LHB Jim Breazeale 0-0: Ball
1-0: Called Strike
1-1: Ball
2-1: Called Strike
2-2: Ground out U3 (Groundball, 3, EV 90.6 MPH)
Batting: RHB Dennis Bingham 0-0: Ball
1-0: Swinging Strike
1-1: Swinging Strike
1-2: Strikes out swinging
Bottom of the 7th over - 0 runs, 0 hits, 0 errors, 0 left on base; Bethesda 10 - Killaloe 10
TOP OF THE 8TH
Bethesda Gamers batting - Pitching for Killaloe Brewers : RHP Wayne Twitchell
Now at 2B: Robert Gilbert
Now at 3B: Britt Melton
Batting: SHB Roger Metzger 0-0: Foul Ball, location: 2F
0-1: Swinging Strike
0-2: Fly out, F8 (Flyball, 89D, EV 104.4 MPH)
Batting: LHB Denny Doyle 0-0: Ball
1-0: SINGLE (Groundball, 6MD, EV 95.0 MPH)
Batting: LHB Kendrick Wolf 0-0: Ball
1-0: Ball
2-0: Ball
3-0: Called Strike
3-1: Called Strike
3-2: Strikes out swinging
Denny Doyle is caught stealing 2nd base 2-6
Batter strikes out.
Top of the 8th over - 0 runs, 1 hit, 0 errors, 0 left on base; Bethesda 10 - Killaloe 10
BOTTOM OF THE 8TH
Killaloe Brewers batting - Pitching for Bethesda Gamers : RHP Dave Blaisdell
Pinch Hitting: LHB Kendrick O'Dell 0-0: SOLO HOME RUN (Flyball, 9D, EV 98.1 MPH), Distance : 357 ft
Batting: SHB Mike Baldwin 0-0: Foul Ball, location: 5FF
0-1: Foul Ball, location: 2F
0-2: Strikes out swinging
Batting: SHB Jesse McClellan 0-0: Ball
1-0: Ball
2-0: Swinging Strike
2-1: Swinging Strike
2-2: Strikes out looking
Batting: SHB Robert Gilbert 0-0: Ball
1-0: Foul Ball, location: 7LMF
1-1: Ball
2-1: Swinging Strike
2-2: Strikes out swinging
Bottom of the 8th over - 1 run, 1 hit, 0 errors, 0 left on base; Bethesda 10 - Killaloe 11
TOP OF THE 9TH
Bethesda Gamers batting - Pitching for Killaloe Brewers : RHP Wayne Twitchell
Pitching: RHP Jim Unknown
Now in LF: Kendrick O'Dell
Batting: LHB José Velázquez 0-0: Ball
1-0: Ball
2-0: Ball
3-0: Called Strike
3-1: Base on Balls
Batting: RHB Tim McGuire 0-0: Ball
1-0: Ball
2-0: Ball
Wild Pitch!
José Velázquez to second
3-0: Base on Balls
Batting: RHB Edison Barton 0-0: Ball
1-0: Swinging Strike
1-1: Foul Ball, location: 2F
1-2: Foul Ball, location: 2F
1-2: Strikes out looking
Batting: RHB Bob Heise 0-0: Ball
1-0: Fly out, F8 (Flyball, 89D, EV 105.0 MPH)
Runner from 2nd tags up, SAFE at 3rd, no throw by CF
Pinch Hitting: RHB Dusty Cox 0-0: Ball
1-0: Ball
2-0: Ball
3-0: Foul Ball, location: 9LMF
3-1: Base on Balls
Tim McGuire to second
Batting: LHB Melvin Ewing 0-0: Fielders Choice at 2nd, 5-4 (Groundball, 56, EV 91.9 MPH)
Top of the 9th over - 0 runs, 0 hits, 0 errors, 3 left on base; Bethesda 10 - Killaloe 11
Wednesday, March 20th , 2024 - OOTP Baseball 24.8 Build 75